 Dungeon Crawl Stone Soup version 0.24.0-1-gfbc8707 (webtiles) character file.

Game seed: 6453964365059173742, levelgen mode: deterministic

3721 Buxparty the Slinger (level 9, -4/81 HPs)
             Began as a Deep Dwarf Hunter on Dec 27, 2019.
             Slain by Gastronok (27 damage)
             ... on level 8 of the Dungeon.
             The game lasted 00:23:02 (5597 turns).

Buxparty the Slinger (Deep Dwarf Hunter)            Turns: 5597, Time: 00:23:02

Health: -4/81      AC: 12    Str: 15    XL:     9   Next: 92%
Magic:  2/2        EV: 13    Int: 16    God:
Gold:   268        SH:  0    Dex: 16    Spells: 8/8 levels left

rFire    . . .     SeeInvis .   b - +2 spear (venom)
rCold    . . .     Gourm    .   (no shield)
rNeg     . . .     Faith    .   q - +3 scale mail {rPois}
rPois    +         Spirit   .   p - +0 helmet
rElec    .         Reflect  .   z - scarf {cloud immunity}
rCorr    .         Harm     .   (no gloves)
MR       +....                  (no boots)
Stlth    +.........             (no amulet)
HPRegen  0.00/turn              s - +3 ring of intelligence
MPRegen  0.08/turn              (no ring)

@: non-regenerating
A: damage resistance, heal wounds, sense surroundings 2, no regeneration
a: Heal Wounds


You were on level 8 of the Dungeon.
You were not hungry.

You visited 2 branches of the dungeon, and saw 9 of its levels.

You collected 268 gold pieces.

Inventory:

Hand Weapons
 a - a +1 hunting sling
 b - a +2 spear of venom (weapon)
 r - a +2 dagger of draining
 B - a +4 short sword
Missiles
 d - 30 sling bullets
 n - 202 stones (quivered)
Armour
 c - a +0 leather armour
 p - a +0 helmet (worn)
 q - a +3 scale mail of poison resistance (worn)
 z - a scarf of cloud immunity (worn)
Jewellery
 s - a +3 ring of intelligence (left hand)
Wands
 A - a wand of disintegration (8)
Scrolls
 h - 4 scrolls of enchant armour
 i - 11 scrolls of teleportation
 j - 7 scrolls of identify
 k - 5 scrolls of remove curse
 m - 2 scrolls of blinking {unknown}
 u - 3 scrolls of fog {unknown}
 w - a scroll of summoning {unknown}
 y - a scroll of fear {unknown}
Potions
 e - 5 potions of curing
 l - a potion of heal wounds
 o - a potion of flight
 t - a potion of ambrosia {unknown}
 v - a potion of cancellation {unknown}
 x - a potion of brilliance {unknown}
 C - a potion of lignification {unknown}
 D - a potion of magic {unknown}
Comestibles
 f - 3 rations


   Skills:
 + Level 5.3 Fighting
 + Level 0.6 Short Blades
 + Level 6.0 Polearms
 + Level 8.4 Slings
 + Level 8.0 Armour
 + Level 5.6 Dodging
 + Level 2.9 Stealth


You had 8 spell levels left.
You didn't know any spells.
Your spell library contained the following spells:

 Spells                   Type           Power        Failure   Level  Hunger
 Confusing Touch          Hex            #.....       63%         1    ##.....
 Freeze                   Ice            #...         63%         1    ##.....
 Confuse                  Hex            #.......     94%         3    ####...
 Gell's Gravitas          Tloc           #.........   94%         3    ####...
 Petrify                  Tmut/Erth      #.......     100%        4    #####..
 Metabolic Englaciation   Hex/Ice        #.........   100%        5    ######.
 Yara's Violent Unravell  Hex/Tmut       #.........   100%        5    ######.


Dungeon Overview and Level Annotations

Branches:
Dungeon (8/15)             Temple (1/1) D:7
   Lair: D:8-11

Altars:
Cheibriados
Dithmenos
Elyvilon
Fedhas
Hepliaklqana
Kikubaaqudgha
Makhleb
Nemelex Xobeh
Qazlal
Ru
Sif Muna
Trog
Uskayaw
Vehumet
Wu Jian
Yredelemnul
Zin

Annotations:
D:8 Gastronok


Innate Abilities, Weirdness & Mutations

You are resistant to damage.
You can heal yourself by infusing magical energy.
You passively map the area around you.
You do not regenerate.


Message History

Your skin takes on a slight green cast.
You hit Gastronok.
Gastronok looks as sick as possible!
Gastronok is moderately wounded.
You hit Gastronok.
Gastronok looks as sick as possible!
Gastronok is heavily wounded.
Gastronok casts a spell at you.
You struggle to resist.
You hit Gastronok.
Gastronok looks as sick as possible!
Gastronok is heavily wounded.
You hit Gastronok.
Gastronok looks as sick as possible!
Gastronok is heavily wounded.
You hit Gastronok.
Gastronok looks as sick as possible!
Gastronok is heavily wounded.
Gastronok closely misses you.
You hit Gastronok.
Gastronok looks as sick as possible!
Gastronok is heavily wounded.
You hit Gastronok but do no damage.
Gastronok looks as sick as possible!
Gastronok is heavily wounded.
Gastronok bites you!!
You die...

### #.#######
#####..(....#
#....w@.....#
#.###.####### *
#)# #... , * #(#
#####* #######(# ,
, , #.....#(# ,***
*
.....###.#.######*
,*,* ,...
#.......... * .
.......$........ ,


You could see Gastronok.

Vanquished Creatures
  An unseen horror (D:7)
  Prince Ribbit (D:6)
  A hippogriff (D:7)
  A wraith (D:7)
  5 yaks (D:8)
  Duvessa (D:6)
  2 orc warriors (D:6)
  2 sky beasts
  4 ogres
  3 centaurs
  3 bullfrogs (D:7)
  Dowan (D:6)
  A crimson imp (D:6)
  2 howler monkeys (D:6)
  A bullfrog zombie (D:6)
  A quasit (D:6)
  3 orc priests
  2 hounds
  An iguana (D:6)
  3 orc wizards
  A worker ant (D:4)
  4 gnolls (D:2)
  A howler monkey skeleton (D:4)
  9 adders
  3 shadow imps (D:6)
  An ooze (D:2)
  An adder skeleton (D:5)
  5 worms
  A dart slug (D:4)
  4 leopard geckos
  10 orcs
  4 ball pythons
  6 bats
  5 giant cockroaches
  5 hobgoblins
  5 jackals
  3 quokkas
  8 frilled lizards
  5 goblins
  4 kobolds
  9 rats
133 creatures vanquished.

Notes
Turn   | Place    | Note
-------+----------+-------------------------------------------
     0 | D:1      | Buxparty the Deep Dwarf Hunter began the quest for the Orb.
     0 | D:1      | Reached XP level 1. HP: 19/19 MP: 1/1
   261 | D:1      | Reached XP level 2. HP: 26/26 MP: 2/2
   620 | D:2      | Reached skill level 5 in Slings
   702 | D:2      | Reached XP level 3. HP: 32/32 MP: 3/3
   790 | D:2      | Reached XP level 4. HP: 25/39 MP: 4/4
   867 | D:2      | Found a white marble altar of Elyvilon.
  1015 | D:2      | Found a white marble altar of Elyvilon.
  2011 | D:4      | Noticed an ogre
  2021 | D:4      | Killed an ogre
  2021 | D:4      | Reached skill level 1 in Polearms
  2021 | D:4      | Reached skill level 1 in Armour
  2021 | D:4      | Reached XP level 5. HP: 21/46 MP: 5/5
  2145 | D:4      | Found a stormy altar of Qazlal.
  2154 | D:4      | Found a blossoming altar of Fedhas.
  2411 | D:5      | Entered Level 5 of the Dungeon
  2448 | D:5      | Noticed a centaur
  2458 | D:5      | Reached XP level 6. HP: 33/55 MP: 5/5
  2459 | D:5      | Noticed a sky beast
  2520 | D:4      | Killed a sky beast
  2930 | D:5      | Reached XP level 7. HP: 43/61 MP: 6/6
  3336 | D:5      | Found a glowing silver altar of Zin.
  3489 | D:6      | Found a sacrificial altar of Ru.
  3560 | D:6      | Noticed Prince Ribbit
  3625 | D:6      | Killed Prince Ribbit
  3625 | D:6      | Reached XP level 8. HP: 55/72 MP: 6/6
  3801 | D:6      | Noticed Duvessa
  3812 | D:6      | Killed Duvessa
  3812 | D:6      | Reached skill level 5 in Armour
  3814 | D:6      | Noticed Dowan
  3818 | D:6      | Killed Dowan
  4078 | D:6      | Found a hazy altar of Hepliaklqana.
  4209 | D:7      | Found a staircase to the Ecumenical Temple.
  4286 | Temple   | Entered the Ecumenical Temple
  4684 | D:7      | Gained mutation: You passively map the area around you.
                  | [Deep Dwarf growth]
  4684 | D:7      | Reached XP level 9. HP: 41/78 MP: 3/3
  4783 | D:7      | Killed an unseen horror
  4783 | D:7      | Reached skill level 5 in Polearms
  4783 | D:7      | Reached skill level 5 in Dodging
  4876 | D:7      | Reached skill level 5 in Fighting
  5199 | D:7      | Found an ornate altar of the Wu Jian Council.
  5268 | D:7      | Found a shimmering blue altar of Sif Muna.
  5506 | D:7      | Identified Sif Muna's Tome of the Snowflakes
  5552 | D:8      | Noticed Gastronok
  5597 | D:8      | Slain by Gastronok

Levels and vault maps discovered:
D:1:      lemuel_arrival_room, layout_loops_ring
D:2:      layout_rooms, nicolae_overflow_crystal_walls, first_ration,
          elyvilon_altar_4
D:3:      layout_loops_cross, minmay_misc_feat_room
D:4:      layout_basic, grunt_temple_overflow_forces_of_nature
D:5:      layout_basic, basic_altar
D:6:      layout_loops_cross, nicolae_ru_path_of_blood, lemuel_round_altar,
          uniq_prince_ribbit1, uniq_duvessa
D:7:      layout_loops_ring, led_sif_book, lemuel_crystal_altar,
          minmay_temple_entry_slanted
D:8:      layout_basic, serial_shops, nicolae_shop_trees, uniq_gastronok
Temple:   compressed_dpeg_triangle_lava_temple

Skill      XL: |  1  2  3  4  5  6  7  8  9 |
---------------+----------------------------+-----
Slings         | 5 6 7 8 |  8.4
Fighting       | 2 3 4 5 |  5.3
Polearms       | 1 2 3 4 6 |  6.0
Armour         | 1 2 4 5 8 |  8.0
Stealth        | 2 |  2.9
Dodging        | 3 4 5 |  5.6
Short Blades   | |  0.6

Action                   |  1- 3 |  4- 6 |  7- 9 || total
-------------------------+-------+-------+-------++-------
Melee: Spear             |       |   136 |   340 ||   476
       Short sword       |       |    51 |     3 ||    54
 Fire: Hunting sling     |    63 |    18 |    79 ||   160
 Abil: Heal Wounds       |       |     8 |    23 ||    31
  Use: Scroll            |       |     2 |     2 ||     4
       Potion            |       |       |     5 ||     5
 Stab: Sleeping          |       |     2 |       ||     2
  Eat: Ration            |       |     2 |     3 ||     5
Armor: Leather armour    |     1 |    22 |       ||    23
       Scale mail        |       |    40 |   201 ||   241
Dodge: Dodged            |     5 |    89 |   198 ||   292
